 Dungeon Crawl Stone Soup version 0.21-a0-46-gdf2c162 (webtiles) character file.

2504 roguesci the Sneak (level 9, -9/44 HPs)
             Began as a Vine Stalker Transmuter on June 7, 2017.
             Hit by a stone thrown by an orc warrior (12 damage)
             ... on level 7 of the Dungeon.
             The game lasted 00:22:26 (8724 turns).

roguesci the Sneak (Vine Stalker Transmuter)        Turns: 8724, Time: 00:22:31

Health: -9/44      AC:  9    Str: 17    XL:     9   Next: 53%
Magic:  0/16       EV: 13    Int: 16    God:
Gold:   385        SH:  0    Dex: 14    Spells: 12/17 levels left

rFire    . . .     SeeInvis .   L - +4 rapier "Emalatyiga" {pierce, MR+ Str+3}
rCold    . . .     Gourm    .   (no shield)
rNeg     . . .     Faith    .   o - +0 ring mail
rPois    .         Spirit   +   (no helmet)
rElec    .         Reflect  .   (no cloak)
rCorr    .         Harm     .   t - +0 pair of gloves
MR       ++...                  (no boots)
Stlth    +++.......             I - amulet of regeneration
Regen    1.0/turn               n - ring of stealth
MPRegen  0.2/turn               x - +3 ring of protection

@: no status effects
A: fangs 3, hooves 1, regeneration 1, screaming 1, magic shield, antimagic bite,
no potion heal 3, rot immunity
a: no special abilities


You were on level 7 of the Dungeon.
You were not hungry.

You visited 1 branch of the dungeon, and saw 7 of its levels.
You also visited: Ossuary.

You collected 385 gold pieces.

Inventory:

Hand Weapons
 l - a +0 falchion of electrocution
 H - a +2 dagger
 L - the +4 rapier "Emalatyiga" (weapon) {pierce, MR+ Str+3}
   (You found it on level 6 of the Dungeon)

   It inflicts extra damage upon your enemies.
   It affects your strength (+3).
   It affects your resistance to hostile enchantments.
Missiles
 h - 160 stones (quivered)
Armour
 o - a +0 ring mail (worn)
 t - a +0 pair of gloves (worn)
 C - a +0 buckler
 J - a +2 robe of magic resistance
Jewellery
 i - an uncursed ring of protection from cold
 n - a ring of stealth (left hand)
 x - a +3 ring of protection (right hand)
 I - an amulet of regeneration (around neck)
 T - an uncursed ring of stealth
Wands
 a - a wand of confusion (12/48)
 d - a wand of polymorph (13/24)
 j - a wand of acid (7/15)
 y - a wand of polymorph (9/24)
 E - a wand of flame (24/48)
 O - a wand of flame (26/48)
 R - a wand of polymorph (13/24)
Scrolls
 e - 7 scrolls of teleportation
 f - 2 scrolls of recharging
 g - 8 scrolls of identify
 m - 2 scrolls of fear {unknown}
 q - 2 scrolls of enchant weapon {unknown}
 r - a scroll of magic mapping {unknown}
 s - a scroll of immolation {unknown}
 u - 4 scrolls of amnesia {unknown}
 v - a scroll of fog {unknown}
 D - a scroll of vulnerability {unknown}
 M - a scroll of holy word {unknown}
 S - a scroll of noise {unknown}
Potions
 p - a potion of brilliance {unknown}
 w - a potion of flight
 z - a potion of cancellation
 B - 3 potions of curing
 G - 2 potions of haste
 K - a potion of berserk rage
 U - a potion of resistance {unknown}
Books
 c - a book of Changes

   Spells                             Type                      Level
   a - Beastly Appendage              Transmutation                1
   b - Sticks to Snakes               Transmutation                2
   c - Spider Form                    Transmutation/Poison         3
   d - Ice Form                       Ice/Transmutation            4
   e - Blade Hands                    Transmutation                5
 F - Sif Muna's Collected Works on the Arsonist
   (You found it on level 5 of the Dungeon)

   Spells                             Type                      Level
   a - Flame Tongue                   Conjuration/Fire             1
 P - a Young Poisoner's Handbook

   Spells                             Type                      Level
   a - Sting                          Conjuration/Poison           1
   b - Poisonous Vapours              Poison/Air                   2
   c - Mephitic Cloud                 Conjuration/Poison/Air       3
   d - Olgreb's Toxic Radiance        Poison                       4
   e - Venom Bolt                     Conjuration/Poison           5
Comestibles
 k - 5 meat rations
 A - a bread ration
 N - 2 royal jellies


   Skills:
 + Level 3.6 Fighting
 + Level 3.1 Armour
 * Level 4.7 Dodging
 + Level 5.4 Stealth
 + Level 3.1 Shields
 + Level 5.2 Unarmed Combat
 + Level 4.5 Spellcasting
 + Level 4.2 Transmutations
 + Level 3.3 Poison Magic


You had 12 spell levels left.
You knew the following spells:

 Your Spells              Type           Power        Failure   Level  Hunger
a - Beastly Appendage     Tmut           ###...       4%          1    None
b - Spider Form           Tmut/Pois      ###.......   19%         3    ###....
c - Flame Tongue          Conj/Fire      #....        28%         1    None


Dungeon Overview and Level Annotations

Branches:
Dungeon (7/15)
 Temple: D:4-7

Altars:
Elyvilon
Fedhas
Gozag
Hepliaklqana
Sif Muna
Wu Jian
Zin


Innate Abilities, Weirdness & Mutations

You have razor-sharp teeth.
Your natural rate of healing is unusually fast.
When hurt, damage is shared between your health and your magic reserves.
Your bite disrupts and absorbs the magic of your enemies.
Potions cannot restore your health.
You are immune to rotting.
You have large cloven feet.
You occasionally shout uncontrollably at your foes.


Message History

The +4 rapier "Emalatyiga" {pierce, MR+ Str+3} unmelds from your body.
Your +0 pair of gloves unmelds from your body.
Your +0 ring mail unmelds from your body.
You hear some strange, mumbled words.
A magic dart appears from out of thin air!
The magic dart hits you!
* * * LOW HITPOINT WARNING * * *
The orc warrior throws a stone.
The stone hits you!
* * * LOW HITPOINT WARNING * * *
Something hits you but does no damage.
Things that are here:
a stone; a hand axe Something hits you but does no damage.
It was a potion of mutation.
You feel extremely strange.
You feel the urge to shout.
Your feet thicken and deform.
You hear some strange, mumbled words.
A puff of frost appears from out of thin air!
The puff of frost misses you.
The orc warrior throws a stone.
The stone hits you!
You die...

###.. #... ###### #...
.....# ... ####.# #.# #.#
#####.#### #.# #....{(o.#
#.### #.###@##.# #...#
#.##.## ###.# #.(...# #.#
####..# #.# #..# ###.#
#.######.(# ##.#.#
#.........#
###....##########....###
.......................'.


You could see an orc warrior.

Vanquished Creatures
  2 wraiths (Ossuary)
  Duvessa (D:4)
  6 ice beasts
  3 ogres
  A centaur (D:7)
  A big kobold (D:7)
  Dowan (D:4)
  3 scorpions
  4 wights (Ossuary)
  A howler monkey (D:4)
  A crimson imp (D:7)
  A hound (D:4)
  3 orc priests
  4 orc wizards
  3 iguanas (D:4)
  Ijyb (D:4)
  2 worker ants
  2 hound skeletons
  2 worker ant zombies
  3 gnolls
  8 adders
  2 oozes
  2 adder zombies (Ossuary)
  An adder skeleton (D:7)
  3 worms
  3 dart slugs
  5 leopard geckos
  13 orcs
  8 giant cockroaches
  3 goblins
  11 hobgoblins
  14 jackals
  12 kobolds
  3 quokkas
  2 ball pythons (D:1)
  3 ball python skeletons (Ossuary)
  8 bats
  12 frilled lizards
  A hobgoblin skeleton (Ossuary)
  A hobgoblin zombie (Ossuary)
  An orc zombie (Ossuary)
  14 rats
175 creatures vanquished.

Vanquished Creatures (others)
  An orc wizard (D:5)
1 creature vanquished.

Grand Total: 176 creatures vanquished

Notes
Turn   | Place    | Note
-------+----------+-------------------------------------------
     0 | D:1      | roguesci the Vine Stalker Transmuter began the quest for the Orb.
     0 | D:1      | Reached XP level 1. HP: 9/9 MP: 4/4
   255 | D:1      | Reached skill level 1 in Fighting
   263 | D:1      | Reached XP level 2. HP: 5/14 MP: 3/6
  1037 | D:1      | Reached skill level 1 in Stealth
  1105 | D:1      | Reached XP level 3. HP: 11/18 MP: 5/7
  2640 | D:1      | Learned a level 3 spell: Spider Form
  2745 | D:2      | Gained mutation: Your natural rate of healing is unusually fast. [Vine Stalker growth]
  2745 | D:2      | Reached XP level 4. HP: 20/22 MP: 9/9
  2964 | D:1      | HP: 1/22 [poisoned by an adder]
  2970 | D:1      | HP: 1/22 [poisoned by an adder]
  3228 | D:2      | Reached XP level 5. HP: 21/26 MP: 7/10
  3518 | D:3      | Reached skill level 1 in Armour
  3571 | D:3      | Found a white marble altar of Elyvilon.
  3923 | D:3      | Found an opulent altar of Gozag.
  3949 | D:3      | Reached XP level 6. HP: 25/30 MP: 9/11
  4398 | D:3      | Found a hazy altar of Hepliaklqana.
  4457 | D:4      | Reached skill level 1 in Poison Magic
  4966 | D:4      | Found a sand-covered staircase.
  4970 | Ossuary  | Entered an ossuary
  5007 | Ossuary  | Reached XP level 7. HP: 26/35 MP: 6/12
  5127 | Ossuary  | Noticed a flying skull
  5127 | Ossuary  | Noticed a wraith
  5159 | Ossuary  | Noticed a flying skull
  5165 | Ossuary  | Noticed a flying skull
  5201 | Ossuary  | Noticed a flying skull
  5202 | Ossuary  | Noticed a wraith
  5226 | Ossuary  | HP: 2/52 [wraith (5)]
  5227 | Ossuary  | Killed a wraith
  5227 | Ossuary  | Reached skill level 1 in Shields
  5619 | Ossuary  | Noticed a wraith
  5636 | Ossuary  | Killed a wraith
  5636 | Ossuary  | Gained mutation: You have razor-sharp teeth. [Vine Stalker growth]
  5636 | Ossuary  | Reached XP level 8. HP: 11/39 MP: 4/14
  5843 | D:4      | Noticed Ijyb
  5882 | D:4      | Killed Ijyb
  6032 | D:4      | Noticed Dowan
  6036 | D:4      | Noticed Duvessa
  6062 | D:4      | Killed Duvessa
  6065 | D:4      | Killed Dowan
  6514 | D:5      | Entered Level 5 of the Dungeon
  6768 | D:5      | Found a deep blue altar of Sif Muna.
  6932 | D:5      | Found a glowing silver altar of Zin.
  7101 | D:5      | Identified Sif Muna's Collected Works on the Arsonist
  7115 | D:5      | Learned a level 1 spell: Flame Tongue
  7483 | D:6      | Got a crystal rapier
  7484 | D:6      | Identified the +4 rapier "Emalatyiga" {pierce, MR+ Str+3} (You found it on level 6 of the Dungeon)
  7519 | D:6      | Reached XP level 9. HP: 40/44 MP: 16/16
  7620 | D:6      | Found a blossoming altar of Fedhas.
  7706 | D:6      | Reached skill level 5 in Stealth
  7706 | D:6      | Reached skill level 5 in Unarmed Combat
  8057 | D:7      | Found an ornate altar of the Wu Jian Council.
  8722 | D:7      | HP: 1/44 [orc warrior/stone (7)]
  8724 | D:7      | Gained mutation: You occasionally shout uncontrollably at your foes. [potion of mutation]
  8724 | D:7      | Gained mutation: You have large cloven feet. [potion of mutation]
  8724 | D:7      | Hit by a stone thrown by an orc warrior

Vault maps used:
D:1:      dpeg_arrival_shelter, minmay_close_crescents
D:2:      wad_pebble_path, kennysheep_generic_room_10
D:3:      elyvilon_altar_3, lemuel_round_altar, lemuel_round_altar, first_bread,
          minmay_lizard_king
D:4:      enter_ossuary_5, grunt_ministairs_4, feat_on_display, uniq_ijyb,
          uniq_duvessa
D:5:      led_sif_book, zin_statuary, serial_park_tiny_2
D:6:      overflow_temple_1_default
D:7:      old_standard_altar, minmay_temple_entry_butterflies
Ossuary:  ossuary_due_cavern

Skill      XL: |  1  2  3  4  5  6  7  8  9 |
---------------+----------------------------+-----
Fighting       | 1 2 3 |  3.6
Stealth        | 1 2 3 4 5 |  5.4
Dodging        | 2 3 4 |  4.7
Armour         | 1 2 3 |  3.1
Spellcasting   | 3 4 |  4.5
Poison Magic   | 1 2 3 |  3.3
Unarmed Combat | 4 5 |  5.2
Shields        | 1 2 3 |  3.1
Transmutations | 3 4 |  4.2

Action                   |  1- 3 |  4- 6 |  7- 9 || total
-------------------------+-------+-------+-------++-------
Melee: Unarmed           |   134 |   254 |    44 ||   432
       Bite              |    23 |    58 |    70 ||   151
       Headbutt          |     7 |     6 |       ||    13
       Kick              |     3 |     3 |       ||     6
       Punch             |       |     5 |     3 ||     8
       Short sword       |       |       |    52 ||    52
       Dagger            |       |       |    44 ||    44
       Falchion          |       |       |    64 ||    64
       Rapier            |       |       |   112 ||   112
Throw: Stone             |     5 |     2 |    60 ||    67
 Cast: Beastly Appendage |     7 |     6 |       ||    13
       Spider Form       |       |     5 |     5 ||    10
  Use: Scroll            |       |       |     6 ||     6
       Potion            |       |       |    10 ||    10
 Stab: Sleeping          |     1 |    11 |    13 ||    25
       Distracted        |     1 |       |       ||     1
  Eat: Chunk             |     1 |     9 |     9 ||    19
       Bread ration      |     1 |       |       ||     1
       Fruit             |       |       |     5 ||     5
Armor: Robe              |    32 |       |       ||    32
       Ring mail         |       |    81 |    87 ||   168
       Skin              |       |     2 |     9 ||    11
Dodge: Dodged            |    88 |   138 |   175 ||   401
       Rpst.: Falchion   |       |       |    13 ||    13
